 Dungeon Crawl Stone Soup version 0.28.0-53-g5a82cb258f (webtiles) character file.

Game seed: 1933684717431881595

48 DildoBatman the Conjurer (level 4, -2/32 HPs)
             Began as a Formicid Conjurer on July 15, 2022.
             Slain by a black bear (3 damage)
             ... on level 4 of the Dungeon.
             The game lasted 00:03:54 (1086 turns).

DildoBatman the Conjurer (Formicid Conjurer)        Turns: 1086, Time: 00:03:54

Health: -2/32      AC:  2    Str: 12    XL:     4   Next: 0%
Magic:  5/8        EV: 12    Int: 17    God:
Gold:   38         SH:  0    Dex: 11    Spells: 5/8 levels left

rFire   . . .      SeeInvis +   a - +0 quarterstaff
rCold   . . .      Faith    .   (no shield)
rNeg    . . .      Spirit   .   k - +0 robe
rPois   .          Reflect  .   (helmet unavailable)
rElec   .          Harm     .   (no cloak)
rCorr   .          Rampage  .   (no gloves)
Will    .....                   (no boots)
Stlth   ++........              (no amulet)
HPRegen 0.10/turn               (no ring)
MPRegen 0.11/turn               (no ring)

@: no status effects
A: permanent stasis, dig shafts and tunnels, antennae 3, four strong arms
a: Dig, Shaft Self


You were on level 4 of the Dungeon.
You visited 1 branch of the dungeon, and saw 3 of its levels.

You collected 38 gold pieces.

Inventory:

Hand Weapons
 a - a +0 quarterstaff (weapon)
 e - a +0 dagger
Missiles
 d - 10 stones
 n - 23 arrows
Armour
 k - a +0 robe (worn)
 l - a +0 ring mail of poison resistance
Scrolls
 f - a scroll of magic mapping {unknown}
 i - a scroll of fear {unknown}
 j - 2 scrolls of identify {unknown}
 m - a scroll of teleportation {unknown}
Potions
 b - a potion of magic {unknown}
 c - a potion of degeneration {unknown}
 g - a potion of haste {unknown}
 h - 2 potions of lignification {unknown}


   Skills:
 * Level 1.4 Fighting
 * Level 1.4 Armour
 - Level 2.0 Dodging
 - Level 2.4 Stealth
 * Level 2.7 Spellcasting
 * Level 3.9 Conjurations


You had 5 spell levels left.
You knew the following spells:

 Your Spells              Type           Power      Damage    Failure   Level
a - Searing Ray           Conj           30%        2d5       5%          2
c - Magic Dart            Conj           60%        1d6       3%          1

Your spell library contained the following spells:

 Spells                   Type           Power      Damage    Failure   Level
 Pain                     Necr           8%         1d4       19%         1
 Dazzling Flash           Conj/Hex       18%        N/A       24%         3
 Corpse Rot               Necr/Air       4%         N/A       26%         2
 Poisonous Vapours        Pois/Air       4%         N/A       26%         2
 Tukima's Dance           Hex            2%         N/A       47%         3
 Fulminant Prism          Conj/Hex       4%         3d6       61%         4
 Iskenderun's Mystic Bla  Conj/Tloc      9%         2d4       61%         4
 Anguish                  Hex/Necr       1%         N/A       87%         4
 Agony                    Necr           2%         N/A       99%         5
 Excruciating Wounds      Necr           1%         N/A       99%         5
 Enfeeble                 Hex            1%         N/A       100%        7


Dungeon Overview and Level Annotations

Branches:
Dungeon (2/15)

Altars:

Annotations:
D:1 Terence
D:2 exclusions: iguana and 1 more exclusion, Sigmund


Innate Abilities, Weirdness & Mutations

You cannot be hasted, slowed, berserked, paralysed or teleported.
You can dig through walls and to a lower floor.
You have a pair of large antennae on your head. (SInv)
Your four strong arms can wield two-handed weapons with a shield.


Message History

g - Guard the area. f - Follow me.
Anything else - Cancel.
You shout for attention!
The endoplasm jiggles.
The kobold throws a stone.
The stone misses you. The black bear barely misses you. x2
The black bear completely misses you. What are your orders? t - Shout!
Orders for allies: a - Attack new target. r - Retreat! s - Stop attacking. g - Guard the area. f - Follow me.
Anything else - Cancel.
You shout for attention!
The black bear closely misses you. The black bear claws you. x2
What are your orders? t - Shout!
Orders for allies: a - Attack new target. r - Retreat! s - Stop attacking. g - Guard the area. f - Follow me.
Anything else - Cancel.
You shout for attention!
The kobold hits you with a +0 short sword.
The black bear barely misses you. x2
The black bear claws you. The goblin barely misses you.
What are your orders? t - Shout!
Orders for allies: a - Attack new target. r - Retreat! s - Stop attacking. g - Guard the area. f - Follow me.
Anything else - Cancel.
You shout for attention!
The kobold hits you with a +0 short sword.
The black bear closely misses you. The black bear barely misses you.
The black bear claws you.
You die...

########..
#.:.......
#.@K.J...>
#.gh......
#!........
#....)$...
#######...
.. .


You could see a black bear, an endoplasm, a goblin and a kobold.

Vanquished Creatures
  An adder (D:2)
  A worm (D:2)
  A dart slug (D:1)
  5 bats
  3 endoplasms (D:2)
  3 giant cockroaches (D:1)
  6 hobgoblins
  3 ball pythons
  2 frilled lizards (D:1)
  4 kobolds (D:1)
  4 rats
33 creatures vanquished.

Notes
Turn   | Place    | Note
-------+----------+-------------------------------------------
     0 | D:1      | DildoBatman the Formicid Conjurer began the quest for the
                  | Orb.
     0 | D:1      | Reached XP level 1. HP: 13/13 MP: 3/3
   319 | D:1      | Reached XP level 2. HP: 20/20 MP: 1/5
   348 | D:1      | Learned a level 2 spell: Searing Ray
   528 | D:1      | Reached skill level 1 in Armour
   554 | D:1      | Reached skill level 1 in Fighting
   554 | D:1      | Reached XP level 3. HP: 20/26 MP: 1/6
   807 | D:2      | Noticed Sigmund
   885 | D:2      | Noticed Terence
  1073 | D:2      | Reached XP level 4. HP: 14/32 MP: 4/8
  1075 | D:2      | You fall into a shaft and drop 2 floors!
  1075 | D:4      | Noticed a black bear
  1085 | D:4      | HP: 1/32 [black bear (3)]
  1086 | D:4      | Slain by a black bear

Illustrated notes

Levels and vault maps discovered:
D:1:      matt_arrival_grand_opening, layout_basic
D:2:      layout_rooms, grunt_decor_mini_mirrors, minmay_stone_trees_medium,
          minmay_3d_cube, uniq_sigmund, uniq_terence
D:4:      layout_basic, lemuel_coloured_pillars_altar,
          nicolae_yredelemnul_corpse_copse, jmf_multi_god_temple

Skill      XL: |  1  2 |
---------------+-------+-----
Dodging        | 2 |  2.0
Armour         | 1 |  1.4
Fighting       | 1 |  1.4
Stealth        | |  2.4
Spellcasting   | |  2.7
Conjurations   | |  3.9

Action                   |  1- 3 |  4- 6 || total
-------------------------+-------+-------++-------
Melee: Unarmed           |     3 |       ||     3
       Dagger            |    24 |       ||    24
       Quarterstaff      |    16 |       ||    16
 Cast: Magic Dart        |    51 |       ||    51
       Searing Ray       |     2 |       ||     2
 Abil: Shaft Self        |       |     1 ||     1
Armor: Robe              |    23 |       ||    23
Dodge: Dodged            |    45 |    10 ||    55
